 Dungeon Crawl Stone Soup version 0.29.1-1-gd02db6906a (webtiles) character file.

Game seed: 6551663300369928409

168 GeoRichter the Digger (level 5, 0/35 HPs)
             Began as a Demonspawn Earth Elementalist on Oct 17, 2022.
             Slain by a kobold brigand
             ... wielding a +0 club
              (7 damage)
             ... on level 3 of the Dungeon.
             The game lasted 00:05:00 (2431 turns).

GeoRichter the Digger (DsEE)                        Turns: 2431, Time: 00:05:01

Health: 0/35       AC:  2    Str:  8    XL:     5   Next: 23%
Magic:  2/8        EV: 12    Int: 18    God:
Gold:   135        SH:  0    Dex: 14    Spells: 4/8 levels left

rFire   . . .      SeeInvis .   c - +0 spear
rCold   . . .      Faith    .   (no shield)
rNeg    . . .      Spirit   .   a - +0 robe
rPois   .          Reflect  .   (helmet restricted)
rElec   .          Harm     .   (no cloak)
rCorr   .          Rampage  .   (no gloves)
Will    .....                   (no boots)
Stlth   ++........              (no amulet)
HPRegen 0.11/turn               (no ring)
MPRegen 0.11/turn               (no ring)

@: weak-willed
A: horns 2
a: no special abilities


You were on level 3 of the Dungeon.
You visited 1 branch of the dungeon, and saw 3 of its levels.

You collected 135 gold pieces.

Inventory:

Hand Weapons
 c - a +0 spear (weapon)
   (You found it on level 1 of the Dungeon)
Armour
 a - a +0 robe (worn)
Magical Staves
 m - a staff of conjuration {!a}
   (You found it on level 2 of the Dungeon)
Jewellery
 l - a ring of willpower
   (You found it on level 2 of the Dungeon)
Scrolls
 e - 2 scrolls of noise {unknown}
 g - 2 scrolls of identify {unknown}
 h - a scroll of vulnerability {!r}
 n - 3 scrolls of teleportation {unknown}
Potions
 b - a potion of magic
 j - a potion of mutation {unknown}
 o - a potion of flight {unknown}
 p - a potion of lignification {unknown}


   Skills:
 - Level 1.7 Dodging
 - Level 1.7 Stealth
 - Level 2.4 Spellcasting
 + Level 2.0 Conjurations
 - Level 0.8 Transmutations
 * Level 4.7 Earth Magic


You had 4 spell levels left.
You knew the following spells:

 Your Spells              Type           Power      Damage    Failure   Level
a - Sandblast             Erth           38%        2d10      2%          1
b - Stone Arrow           Conj/Erth      28%        3d8       13%         3

Your spell library contained the following spells:

 Spells                   Type           Power      Damage    Failure   Level
 Passwall                 Tmut/Erth      10%        N/A       9%          2
 Ensorcelled Hibernation  Hex/Ice        4%         N/A       26%         2
 Swiftness                Air            2%         N/A       45%         3
 Petrify                  Tmut/Erth      12%        N/A       47%         4
 Passage of Golubria      Tloc           2%         N/A       86%         4
 Silence                  Hex/Air        1%         N/A       99%         5
 Lehudib's Crystal Spear  Conj/Erth      7%         10d3      100%        8


Dungeon Overview and Level Annotations

Branches:
Dungeon (3/15) Zot: 15522

Altars:

Shops:
D:1 !


Innate Abilities, Weirdness & Mutations

You have a pair of horns on your head.


Message History

A kobold brigand comes into view.
It is wielding a +0 club and quivering poisoned darts.
The kobold brigand shouts!
You hear a shout!
The blast of sand hits the kobold.
The kobold brigand shouts!
A kobold comes into view. It is wielding a +0 club.
You miscast Sandblast.
You are very lightly contaminated with residual magic.
Nothing appears to happen.
The kobold hits you with a +0 dagger.
The blast of sand hits the kobold.
You kill the kobold!
The kobold brigand throws a poisoned dart.
The poisoned dart closely misses you.
The kobold brigand throws a poisoned dart.
The poisoned dart hits you!
You are poisoned.
The blast of sand hits the kobold brigand.
You feel very sick.
The blast of sand hits the kobold brigand!
You feel sick.
The kobold brigand hits you with a +0 club.
The blast of sand misses the kobold brigand.
The blast of sand hits the kobold!
You kill the kobold!
You feel sick. The kobold brigand closely misses you.
The kobold brigand barely misses you.
Your magical contamination has completely faded away.
The blast of sand hits the kobold brigand!
You feel sick. The kobold brigand barely misses you.
The kobold brigand hits you with a +0 club.
* * * LOW HITPOINT WARNING * * *
The kobold brigand barely misses you.
The kobold brigand hits you with a +0 club.
* * * LOW HITPOINT WARNING * * *
Okay, then.
As you read the scroll labelled EKOAREWKIR, it crumbles to dust.
Magic quickly surges around you.
It was a scroll of vulnerability.
You feel sick. The kobold brigand closely misses you.
The kobold brigand hits you with a +0 club.
* * * LOW HITPOINT WARNING * * *
As you read the scroll labelled EKUJEL GEALO, it crumbles to dust.
It is a scroll of amnesia.
Really abort (and waste the scroll)?
Okay, then.
You feel sick.
You are no longer poisoned.
The kobold brigand barely misses you. x2
As you read the scroll labelled YTOATU QIRGH, it crumbles to dust.
The scroll dissolves into smoke.
It was a scroll of fog.
The kobold brigand hits you with a +0 club!
You die...

#............~~≈~#).#........++..
#............~~~~#..#........##..
.............~~~≈#..#....#....#).
..)..†........~~##..#............
............<.~~#..###>..........
....##...##...~##..# #...........
######...# ...~#§§## #.....)....#
.....#...# ...##§§# #..........#
.........#...###@§# ####.......#
.........#...# #KK# #........
.........#...# #§§# #........
.........#...##.)## ##........
.........#....#..# #.........
...#...###....#..# #.........
..............##.. #.........
..............##.. #.........
..............# #####.......


You could see 2 kobold brigands.

Vanquished Creatures
  A kobold brigand (D:3)
  4 adders
  A worm (D:3)
  2 dart slugs
  An orc (D:3)
  3 bats (D:3)
  4 endoplasms
  7 goblins
  5 hobgoblins
  3 jackals (D:3)
  A quokka (D:2)
  8 ball pythons
  3 frilled lizards (D:2)
  18 kobolds
  4 rats
65 creatures vanquished.

Notes
Turn   | Place    | Note
-------+----------+-------------------------------------------
     0 | D:1      | GeoRichter the Demonspawn Earth Elementalist began the
                  | quest for the Orb.
     0 | D:1      | Reached XP level 1. HP: 13/13 MP: 3/3
   201 | D:1      | Reached skill level 3 in Earth Magic
   230 | D:1      | Gained mutation: You have a pair of small horns on your
                  | head. [demonic ancestry]
   230 | D:1      | Reached XP level 2. HP: 9/19 MP: 0/5
   432 | D:1      | Found Qiedwof's Distillery.
   798 | D:2      | Reached XP level 3. HP: 24/24 MP: 1/6
   882 | D:2      | Learned a level 3 spell: Stone Arrow
  1549 | D:3      | Reached skill level 1 in Conjurations
  1579 | D:3      | Reached skill level 4 in Earth Magic
  1579 | D:3      | Gained mutation: You have a pair of horns on your head.
                  | [demonic ancestry]
  1579 | D:3      | Reached XP level 4. HP: 29/30 MP: 2/7
  1968 | D:3      | Noticed a kobold brigand
  1995 | D:3      | Killed a kobold brigand
  1996 | D:3      | Reached XP level 5. HP: 11/35 MP: 0/8
  2431 | D:3      | Slain by a kobold brigand

Illustrated notes

Levels and vault maps discovered:
D:1:      tarquinn_simple_flora_water_b, layout_rooms, serial_shops, shop,
          chequers_serial_rivers_micro_d
D:2:      layout_rooms, kennysheep_minor_cross, minmay_lizard_pond
D:3:      cheibrodos_thug_alley, layout_basic, uniq_crazy_yiuf_cottage

Skill      XL: |  1  2  3  4  5 |
---------------+----------------+-----
Earth Magic    | 3 4 |  4.7
Conjurations   | 1 2 |  2.0
Dodging        | |  1.7
Stealth        | |  1.7
Spellcasting   | |  2.4
Transmutations | |  0.8

Action                   |  1- 3 |  4- 6 || total
-------------------------+-------+-------++-------
Melee: Spear             |     8 |     2 ||    10
       Unarmed           |     5 |       ||     5
 Cast: Sandblast         |    57 |    34 ||    91
       Stone Arrow       |       |     1 ||     1
  Use: Potion            |       |     2 ||     2
       Scroll            |       |     3 ||     3
Armor: Robe              |     5 |     6 ||    11
Dodge: Dodged            |    13 |    19 ||    32
